woodfighter, lawful female scurrid Archeologist ------ ---- |.(..-----..| |...`^^^^^^.| |..`.------^| |.`..`..`.|^| --`rd..`...|^| |.fM`....`.|<| |.@.u|.------- ------.|...| |.........| --.`..|.`.| ---..|...| -------- woodfighter the Investigator Experience level: 7 Strength: 25 Dexterity: 10 Constitution: 13 Intelligence: 16 Wisdom: 15 Charisma: 10 Health: 0(53) Energy: 45(45) Def: 9 Gold: 226 Moves: 2476 Dungeon seed: SA5RQ1sn1g0-nD4s Game ID: woodfighter_1532456194 Your Inventory: Coins $ - 226 gold pieces Weapons a - a +2 bullwhip (weapon in paw) h - a +0 boomerang K - 10 +0 darts (in quiver) Armor e - an uncursed +0 leather jacket f - an uncursed +0 pair of elven boots (being worn) i - an uncursed +0 dwarvish cloak (being worn) j - an uncursed +0 dwarvish mithril-coat (being worn) n - an uncursed +0 pair of leather gloves q - a cursed +0 helm of opposite alignment (being worn) y - an uncursed +0 pair of leather gloves z - an uncursed +0 pair of gauntlets of power (being worn) N - a cursed -2 pair of levitation boots V - an uncursed +0 pair of speed boots Y - a cursed -1 pair of gauntlets of fumbling Comestibles b - 4 uncursed chestnuts p - 3 uncursed food rations G - an uncursed tripe ration H - 2 uncursed cream pies P - an uncursed fortune cookie Rings U - an uncursed ring of regeneration Wands d - a wand of light (0:12) Tools c - an uncursed pair of lenses (being worn) s - an uncursed sack Gems r - an uncursed topaz Q - an uncursed touchstone S - an uncursed jet Contents of the sack: 2616 gold pieces an uncursed sprig of wolfsbane a cursed scroll of create monster a blessed scroll of enchant armor an uncursed scroll of enchant armor a [uncursed] scroll of enchant weapon 2 uncursed scrolls of identify a cursed scroll of identify a cursed scroll of punishment an uncursed scroll of scare monster an uncursed scroll of scare monster 2 uncursed scrolls of teleportation a [blessed] scroll of teleportation a [cursed] spellbook of cure sickness an uncursed potion of booze a [cursed] potion of gain energy 3 [uncursed] potions of hallucination a potion of holy water an uncursed potion of levitation an uncursed potion of polymorph 2 uncursed potions of restore ability a [blessed] potion of see invisible a blessed [+1] ring of protection 2 uncursed wax candles [0:400] Spells and supernatural/magical abilities: Name Level Category Fail Memory W - pray for help -- divine ? -- Your skills at the end: Miscellaneous Skills wands [Basic] Weapon Skills boomerang [Basic] whip [Basic] Spellcasting Skills Final Attributes: You had strayed. You were poison resistant. You had automatic searching. You had infravision. You were very stealthy. You were fast. You are dead. Vanquished creatures: a small mimic a gelatinous cube 2 giant beetles a winter wolf cub a gnome king a brown pudding a blue jelly an imp 5 Uruk-hai 3 fog clouds a gray ooze 2 straw golems 6 giant ants 2 floating eyes a kitten a dwarf a kobold lord 3 iguanas 5 hill orcs a jitterbug 4 orc zombies 5 killer bees 3 large kobolds 3 geckos a giant rat 2 brown molds 2 yellow molds 5 manes a gnome zombie 5 jackals 2 kobolds 5 newts 4 goblins 5 sewer rats 5 grid bugs 4 lichens 96 creatures vanquished. Voluntary challenges: You did not cause conflict. You were not invisible. You did not have reflection. You were not displaced. You used a wielded weapon 251 times, starting on turn 10. You did not apply a unicorn horn. You did not use plumbed fixtures. You did not drink any magical draughts. You read items or engraved 1 time, starting on turn 1842. You never genocided any monsters. You never polymorphed an object. You never changed form. You used no wishes. You never split a pudding. You never wrote Elbereth's name. You violated your moral code, losing 1 point of alignment, starting on turn 1702. Dungeon overview: The Dungeons of Doom: levels 1 to 11 Level 1 (box) some fountains a long staircase Level 2 an altar to Camaxtli, a fountain stairs to The Gnomish Mines Level 3 a fountain Level 4 some fountains Level 5 a fountain Level 6 a potion shop, some fountains Level 7 an armor shop, a fountain Level 8 (throne) a fountain, a throne Level 9 many fountains Level 10 stairs to Sokoban Level 11 The Gnomish Mines: Level 3 stairs to The Dungeons of Doom Sokoban: Level 9 <- You were here a magic chest stairs to The Dungeons of Doom History has recorded: On T:1 you entered the Dungeons of Doom to retrieve the Amulet of Yendor! On T:10 you reached level 2 of The Dungeons of Doom. On T:259 you reached level 3 of The Dungeons of Doom. On T:294 you advanced to experience level 2. On T:311 you reached level 1 of The Gnomish Mines. On T:421 you reached level 4 of The Dungeons of Doom. On T:479 you advanced to experience level 3. On T:530 you reached level 6 of The Dungeons of Doom. On T:535 you reached level 7 of The Dungeons of Doom. On T:552 you advanced to experience level 4. On T:633 you reached level 5 of The Dungeons of Doom. On T:691 you advanced to experience level 5. On T:1450 you reached level 8 of The Dungeons of Doom. On T:1508 you prayed to Camaxtli. On T:1512 you advanced to experience level 6. On T:2049 you reached level 9 of The Dungeons of Doom. On T:2177 you advanced to experience level 7. On T:2355 you reached level 10 of The Dungeons of Doom. On T:2429 you reached level 11 of The Dungeons of Doom. On T:2473 you reached level 4 of Sokoban. On T:2475 you prayed to Quetzalcoatl. Score breakdown: Gold: 2842 ( 284 points) Experience: 7 levels ( 600 points) Exploration: 11 levels ( 300 points) Discoveries: 33 items ( 1650 points) Variety of kills: 36 monsters ( 1800 points) Major goal: (nothing yet) ( 0 points) Survival: died (score multiplied by 3) Total score: 13902 Latest messages: You can move again. You whip the gelatinous cube! (2x) You are frozen by the gelatinous cube! The gelatinous cube touches you! You can move again. You kill the gelatinous cube! You see here a gelatinous cube corpse. You have a very bad case of stomach acid. This gelatinous cube corpse tastes terrible! You finish eating the gelatinous cube corpse. You destroy the orc zombie! You see here an orc corpse. Easy Peasey You whip the ettin mummy! Kitty misses the rabid rat. You whip the ettin mummy! Kitty misses the rabid rat. The rabid rat misses kitty. The ettin mummy scratches you! (2x) You begin praying to Quetzalcoatl. You hear some noises. Kitty misses the rabid rat. The rabid rat misses kitty. The ettin mummy scratches you! You die... Final status: Goodbye woodfighter the Archeologist, killed by an ettin mummy, while praying... You died in Sokoban on dungeon level 9 with 13902 points, and 2842 pieces of gold, after 2476 moves. You were level 7 with a maximum of 53 hit points when you died.